 Dungeon Crawl Stone Soup version 0.31-a0-881-ge136f0c47a (webtiles) character file.

Game seed: 14083516025998214554

4 gruber the Conjurer (level 1, 0/10 HPs)
             Began as a Deep Elf Conjurer on Oct 15, 2023.
             Slain by a jackal (1 damage)
             ... on level 1 of the Dungeon.
             The game lasted 00:00:08 (232 turns).

gruber the Conjurer (Deep Elf Conjurer)              Turns: 232, Time: 00:00:09

Health: 0/10       AC:  2    Str:  4    XL:     1   Next: 50%
Magic:  0/6        EV: 12    Int: 22    God:
Gold:   35         SH:  0    Dex: 13    Spells: 5/6 levels left

rFire   . . .        (no weapon)
rCold   . . .        (no shield)
rNeg    . . .        a - +0 robe
rPois   .            (no helmet)
rElec   .            (no cloak)
rCorr   .            (no gloves)
SInv    .            (no boots)
Will    .....        (no amulet)
Stlth   ++           (no ring)
HPRegen 0.21/turn    (no ring)
MPRegen 0.10/turn

%: no passive effects
@: very slightly contaminated
A: no striking features
a: no special abilities


You were on level 1 of the Dungeon.
You visited 1 branch of the dungeon, and saw 1 of its levels.

You collected 35 gold pieces.

Inventory:

Armour
 a - a +0 robe (worn)
Scrolls
 c - a scroll of amnesia {unknown}
Potions
 b - 2 potions of magic


   Skills:
 - Level 2.4 Dodging
 - Level 2.4 Stealth
 + Level 3.0 Spellcasting
 * Level 4.6 Conjurations


You had 5 spell levels left.
You knew the following spells:

 Your Spells              Type           Power      Damage    Failure   Level
a - Magic Dart            Conj           92%        1d7       1%          1

Your spell library contained the following spells:

 Spells                   Type           Power      Damage    Failure   Level
 Searing Ray              Conj           46%        2d6       2%          2
 Dazzling Flash           Conj/Hex       26%        N/A       14%         3
 Fulminant Prism          Conj/Hex       6%         3d6       43%         4
 Iskenderun's Mystic Bla  Conj/Tloc      13%        2d5       43%         4


Dungeon Overview and Level Annotations

Branches:
Dungeon (1/15)

Altars:


Message History

Found an escape hatch in the floor.
There is an escape hatch in the floor here.
You now have 35 gold pieces (gained 10). 2 jackals and an endoplasm come into view.
There are monsters nearby!
The magic dart hits the jackal but does no damage.
The jackal bites you.
The magic dart hits the jackal.
The jackal is severely wounded.
The jackal barks!
The endoplasm quivers.
The jackal bites you but does no damage.
The jackal closely misses you.
The magic dart hits the jackal.
You kill the jackal!
The magic dart hits the endoplasm.
The endoplasm is severely wounded.
You miscast Magic Dart.
You are very lightly contaminated with residual magic.
Nothing appears to happen.
The jackal bites you. x2
You are too injured to fight recklessly!
You are too injured to fight recklessly!
You are too injured to fight recklessly!
Unknown command.
The jackal attacks as it pursues you! The jackal bites you.
* * * LOW HITPOINT WARNING * * *
The jackal attacks as it pursues you! The jackal bites you.
* * * LOW HITPOINT WARNING * * *
The jackal barely misses you. The jackal attacks as it pursues you!
The jackal bites you.
* * * LOW HITPOINT WARNING * * *
Casting: Magic Dart (safe; 1% risk of failure)
Confirm with . or Enter, or press ? or * to list all spells.
Aiming: Magic Dart (safe; 1% risk of failure)
Press: ? - help, Shift-Dir - straight line, f/p - jackal
Aim: a jackal (100% to hit)
The magic dart hits the jackal.
The jackal is almost dead.
The jackal bites you.
You die...

#######.###.####.#
#..............#.#
#.#####.########.# #
...#........# #.#
#####.############ #.#
#.# #.......#
#.#.#####.####.#####.#
#.#..............#
#.#######.####.#@#
#.#######.# #.#h#
#.......#.# #.#J#
......#.#.# #.#.#
......#.#.# #.#.....#
#######.#.# #.###...#
........#.# ... ......
######### #####
...........


You could see an endoplasm and a jackal.

Vanquished Creatures
  A goblin (D:1)
  A hobgoblin (D:1)
  A jackal (D:1)
3 creatures vanquished.

Notes
Turn   | Place    | Note
-------+----------+-------------------------------------------
     0 | D:1      | gruber the Deep Elf Conjurer began the quest for the Orb.
     0 | D:1      | Reached XP level 1. HP: 10/10 MP: 6/6
   232 | D:1      | Slain by a jackal

Illustrated notes

Levels and vault maps discovered:
D:1:      psy_arrival_dodecagon, layout_basic

Action                     || total
---------------------------++-------
   Cast: Magic Dart        ||     8
 Armour: Robe              ||     8
  Dodge: Dodged            ||     2

Table legend: (Time is in decaauts)
 A = Elapsed time spent in this place.
 B = Non-inter-level travel time spent in this place.
 C = Inter-level travel time spent in this place.
 D = Time resting spent in this place.
 E = Time spent auto-exploring this place.
 F = Levels seen in this place.
 G = Mean time per level.
                   A        B        C        D        E       F      G
               +--------+--------+--------+--------+--------+-----+--------+
         Total |    232 |    232 |      0 |      0 |    215 |   1 |  232.0 |
       Dungeon |    232 |    232 |      0 |      0 |    215 |   1 |  232.0 |
               +--------+--------+--------+--------+--------+-----+--------+

Top non-repeatable levels by time:
     D:1: 232 daAuts
